 Dungeon Crawl Stone Soup version 0.30-a0-743-gbfdf073431 (webtiles) character file.

Game seed: 11640678045334172835

154047 cheesebisquit the Executioner (level 17, -3/162 HPs)
             Began as a Minotaur Berserker on Feb 6, 2023.
             Was a High Priest of Trog.
             Succumbed to a black mamba's poison
             ... on level 2 of the Snake Pit on Feb 7, 2023.
             The game lasted 01:33:58 (25520 turns).

cheesebisquit the Executioner (Minotaur Berserker) Turns: 25520, Time: 01:33:58

Health: -3/162     AC: 36    Str: 29    XL:     17   Next: 5%
Magic:  9/14       EV:  7    Int:  4    God:    Trog [*****.]
Gold:   1292       SH: 24    Dex: 13    Spells: 16/16 levels left

rFire   . . .      SeeInvis .    a - +3 broad axe (protect)
rCold   . . .      Faith    .    t - +0 tower shield
rNeg    . . .      Spirit   .    e - +6 plate armour {ponderous}
rPois   +          Reflect  +    (helmet restricted)
rElec   .          Harm     .    T - +1 cloak
rCorr   .          Rampage  .    x - +2 pair of gloves
Will    ++...                    L - +2 pair of boots Stlth
                                 c - amulet of reflection
HPRegen 0.47/turn                I - ring "Othas" {Will+ Slay+2}
MPRegen 0.14/turn                C - ring of poison resistance

@: lethally poisoned (-3 -> -19), on berserk cooldown, slowed, very slow
A: horns 2, retaliatory headbutt, iridescent scales 1, thin skeletal structure
1, low MP 1
a: Renounce Religion, Berserk, Trog's Hand, Brothers in Arms


You were on level 2 of the Snake Pit.
You worshipped Trog.
Trog was extremely pleased with you.
You visited 5 branches of the dungeon, and saw 25 of its levels.
You also visited: Ossuary.

You collected 2867 gold pieces.
You spent 1575 gold pieces at shops.

Inventory:

Hand Weapons
 a - a +3 broad axe of protection (weapon)
 b - a +0 morningstar of freezing
 g - a +5 broad axe
Missiles
 k - 20 poisoned darts (quivered)
 q - a throwing net
 z - 4 boomerangs of dispersal
 F - 4 atropa-tipped darts
 P - a curare-tipped dart
 X - 2 silver boomerangs
Armour
 e - a +6 plate armour of ponderousness (worn)
 t - a +0 tower shield (worn)
 x - a +2 pair of gloves (worn)
 L - a +2 pair of boots (worn)
 N - the +5 ring mail of Snakes and Ladders {rPois rC- rN+}
   (You found it on level 8 of the Dungeon)

   rC:        It makes you vulnerable to cold.
   rPois:     It protects you from poison.
   rN:        It protects you from negative energy.
 T - a +1 cloak (worn)
Jewellery
 c - an amulet of reflection (around neck)
 f - a ring of fire
 i - a ring of protection from cold
 u - a ring of see invisible
 C - a ring of poison resistance (right hand)
 I - the ring "Othas" (left hand) {Will+ Slay+2}
   (You found it on level 7 of the Dungeon)

   [ring of willpower]

   Slay:      It affects your accuracy & damage with ranged weapons and melee
   (+2).
   Will:      It increases your willpower.
 V - a +4 ring of protection
Wands
 l - a wand of flame (24)
 B - a wand of paralysis (30)
 G - a wand of iceblast (17)
 J - a wand of mindburst (19)
 O - a wand of digging (7)
 R - a wand of light (3)
Scrolls
 h - 9 scrolls of teleportation
 j - a scroll of silence
 m - 3 scrolls of vulnerability
 o - 7 scrolls of immolation
 p - 6 scrolls of fear
 s - 2 scrolls of fog
 v - 2 scrolls of blinking
 y - a scroll of butterflies
 K - 3 scrolls of poison
 M - 3 scrolls of magic mapping
 U - a scroll of brand weapon
Potions
 d - 3 potions of resistance
 n - 5 potions of haste
 r - 2 potions of flight
 w - 9 potions of lignification
 A - 2 potions of invisibility
 D - 3 potions of mutation
 E - 6 potions of ambrosia
 H - 6 potions of cancellation
 S - a potion of magic
 W - 5 potions of might
Miscellaneous
 Y - a condenser vane
 Z - a phial of floods


   Skills:
 + Level 17.6 Fighting
 + Level 21.1 Axes
 + Level 17.4 Armour
 - Level 2.1 Dodging
 + Level 16.3 Shields


You had 16 spell levels left.
You didn't know any spells.
Your spell library was empty.

Dungeon Overview and Level Annotations

Branches:
Dungeon (15/15)            Temple (1/1) D:6            Lair (5/5) D:8
  Swamp (0/4) Lair:2        Snake (2/4) Lair:2        Slime (0/5) Lair:4
    Orc (2/2) D:10            Elf (0/3) Orc:2        Vaults (0/5) D:13
 Depths (0/4) D:15        Ossuary (visited)

Altars:
Ashenzari
Dithmenos
Elyvilon
Fedhas
Gozag
Hepliaklqana
Makhleb
Nemelex Xobeh
Okawaru
Qazlal
Ru
Sif Muna
Trog
Uskayaw
Vehumet
Wu Jian
Xom
Yredelemnul
Zin
The Shining One

Shops:
D:4 *   D:11 (!(*   Orc:2 *[(=*   Snake:1 :=:

Portals:
Hell: Lair:5


Innate Abilities, Weirdness & Mutations

You have a pair of horns on your head.
You reflexively headbutt those who attack you in melee.
You are partially covered in iridescent scales. (AC +2)
You have a somewhat thin skeletal structure. (Dex +2, Stealth+)
Your magical capacity is low. (-10% MP)


Message History

The naga warrior hits you but does no damage.
The naga hits you but does no damage. The naga constricts you.
The naga warrior hits you with a +0 halberd.
The black mamba bites you but does no damage.
The black mamba bites you.
The black mamba bites you but does no damage.
The naga warrior hits you with a +0 hand axe!
* * * LOW HITPOINT WARNING * * *
You block the guardian serpent's attack.
The naga warrior spits poison at you. The splash of poison hits you.
You are poisoned.
You resist.
* * * LOW HITPOINT WARNING * * *
The naga spits poison at you.
The splash of poison hits you but does no damage.
You resist. The naga constricts you.
You feel much better.
You feel very sick. You block the black mamba's attack. x2
The black mamba bites you but does no damage.
The black mamba barely misses you. You furiously retaliate!
You headbutt the black mamba! The guardian serpent barely misses you.
The black mamba bites you but does no damage. x2
You block the mana viper's attack. You block the naga warrior's attack.
The black mamba bites you but does no damage.
The naga hits you with a +0 scimitar!
* * * LOW HITPOINT WARNING * * *
The naga constricts you.
The naga warrior hits you with a +0 halberd!!
* * * LOW HITPOINT WARNING * * *
The guardian serpent hits you but does no damage.
The black mamba bites you!
* * * LOW HITPOINT WARNING * * *
You are lethally poisoned!
The black mamba poisons you! The black mamba bites you!
* * * LOW HITPOINT WARNING * * *
You block the mana viper's attack.
You escape the naga's grasp.
You die...

.. PPPP..##.
#.#####PP......
.#..............
#...............
...............
#..NS........
#SSS.......
#S@S)......
#NNN.......
#)))........
#...........
#............
.............#
...............
.............#..
............##


You could see 2 naga warriors, a mana viper, a guardian serpent, 4 black mambas,
a naga mage (fast, strong) and a naga (strong).

Vanquished Creatures
  Jorgrun (D:13)
  Rupert (Snake:1)
  Agnes (D:15)
  Aizul (Snake:1)
  An orc warlord (Orc:1)
  A ghost moth (shapeshifter) (D:15)
  The ghost of Ganul the Bludgeoner, a journeyman DsGl of Hepliaklqana (D:15)
  A cacodemon (D:15)
  Azrael (Snake:1)
  A dire elephant (Lair:5)
  An ettin (D:15)
  Josephine (D:10)
  Erolcha (D:9)
  A hydra (shapeshifter) (D:12)
  4 hydras
  3 boulder beetles
  2 anacondas
  4 two-headed ogres
  2 dancing weapons (D:13)
  6 centaur warriors
  3 tengu warriors
  3 naga warriors
  9 naga sharpshooters
  4 orc high priests (Orc:2)
  2 shock serpents
  A fire crab (shapeshifter) (D:13)
  A deep troll (D:15)
  A sixfirhy (Lair:5)
  A wizard (Lair:5)
  3 naga ritualists
  A bog body (Lair:2)
  A lindwurm (Lair:5)
  2 glowing orange brains (D:15)
  6 orc knights
  A harpy (shapeshifter) (D:15)
  3 necromancers
  2 oklob plants
  2 deep elf pyromancers
  6 ugly things
  5 cyclopes
  7 mana vipers
  5 orc sorcerers
  3 salamanders
  A salamander (shapeshifter) (D:15)
  6 manticores
  12 black mambas
  6 elephants (Lair:5)
  2 naga magi
  2 orange demons (Lair:5)
  A smoke demon (Lair:5)
  12 cane toads
  Maggie (D:9)
  4 gargoyles
  2 kobold demonologists (D:11)
  An unseen horror (D:11)
  3 torpor snails
  11 komodo dragons
  5 rime drakes
  A komodo dragon (shapeshifter) (D:15)
  A yaktaur (shapeshifter) (D:15)
  A yaktaur (D:15)
  2 tengu conjurers
  2 efreet
  3 ice devils (Lair:5)
  A queen bee (Lair:1)
  10 trolls
  3 meliai (D:15)
  3 polar bears (Lair:5)
  12 dream sheep (Lair:5)
  13 blink frogs
  10 slime creatures (D:12)
  5 wyverns
  45 yaks
  8 wraiths
  3 shadows
  4 basilisks
  2 fire elementals (Snake:1)
  A basilisk (shapeshifter) (D:15)
  A golden eye (shapeshifter) (D:15)
  A yak (shapeshifter) (D:15)
  7 vampire mosquitoes
  2 neqoxecs (D:15)
  4 steam dragons
  Menkaure (D:5)
  11 nagas
  3 acid dragons
  19 water moccasins
  4 wargs
  6 hell hounds
  A black bear (D:7)
  2 sky beasts
  2 ice beasts
  30 orc warriors
  An ice beast (shapeshifter) (D:15)
  8 wolves
  2 ogres
  20 centaurs
  A phantom (D:6)
  2 gnoll sergeants
  2 necrophages
  2 kobold brigands
  An elf zombie (Ossuary)
  7 bullfrogs
  A scorpion (D:8)
  10 wights
  48 killer bees
  2 howler monkeys
  3 lava snakes (Lair:2)
  7 crimson imps (D:8)
  2 jellies
  3 hounds
  2 human zombies (Ossuary)
  25 orc priests
  A centaur zombie (Ossuary)
  A gnoll bouda (D:8)
  Jessica (D:2)
  Terence (D:3)
  2 iguanas
  24 orc wizards
  3 yak simulacra (Lair:5)
  3 polar bear simulacra (Lair:5)
  3 wolf simulacra (Lair:5)
  3 mummies
  12 gnolls
  8 adders
  3 white imps
  3 adder zombies (Ossuary)
  3 worms
  3 dart slugs
  89 orcs
  6 bats
  10 endoplasms
  7 giant cockroaches
  5 goblins
  3 hobgoblins
  A quokka (D:1)
  5 ball pythons
  3 frilled lizards
  8 hobgoblin zombies (Ossuary)
  2 jackal zombies (Ossuary)
  13 kobolds
  6 kobold zombies (Ossuary)
  14 orc zombies
  5 rats
  A rat zombie (Ossuary)
  2 river rat simulacra (Lair:5)
803 creatures vanquished.

Vanquished Creatures (others)
  An unseen horror (D:12)
  16 fungi
  71 plants
88 creatures vanquished.

Grand Total: 891 creatures vanquished

Notes
Turn   | Place    | Note
-------+----------+-------------------------------------------
     0 | D:1      | cheesebisquit the Minotaur Berserker began the quest for
                  | the Orb.
     0 | D:1      | Reached XP level 1. HP: 19/19 MP: 0/0
    72 | D:1      | Reached skill level 4 in Axes
    99 | D:1      | Reached XP level 2. HP: 27/27 MP: 1/1
   332 | D:1      | Reached ** piety under Trog
   333 | D:1      | Reached XP level 3. HP: 33/33 MP: 2/2
   665 | D:2      | Found a radiant altar of Vehumet.
   951 | D:2      | Reached XP level 4. HP: 40/40 MP: 3/3
   960 | D:2      | Noticed Jessica
   970 | D:2      | Killed Jessica
   971 | D:2      | Reached skill level 5 in Axes
  1102 | D:2      | Noticed a gnoll sergeant
  1104 | D:2      | Found the +5 woodcutter's axe
  1111 | D:2      | Killed a gnoll sergeant
  1112 | D:2      | Reached XP level 5. HP: 47/47 MP: 4/4
  1116 | D:2      | Reached skill level 6 in Axes
  1546 | D:3      | Found an opulent altar of Gozag.
  1546 | D:3      | Found a sparkling altar of Nemelex Xobeh.
  1680 | D:3      | Reached skill level 5 in Fighting
  1787 | D:3      | Noticed Terence
  1791 | D:3      | Killed Terence
  1823 | D:3      | Reached XP level 6. HP: 55/56 MP: 5/5
  2259 | D:4      | Noticed a sky beast
  2266 | D:4      | Killed a sky beast
  2282 | D:4      | Found Didurow's General Store.
  2465 | D:4      | Noticed an ice beast
  2472 | D:4      | Killed an ice beast
  2473 | D:4      | Reached skill level 7 in Axes
  2553 | D:4      | Reached skill level 5 in Armour
  2561 | D:4      | Reached XP level 7. HP: 62/62 MP: 6/6
  2959 | D:5      | Entered Level 5 of the Dungeon
  3263 | D:4      | Bought a +1 broad axe of venom for 141 gold pieces
  3761 | D:5      | Noticed Menkaure
  3767 | D:5      | Killed Menkaure
  3768 | D:5      | Reached skill level 8 in Axes
  4405 | D:6      | Found a staircase to the Ecumenical Temple.
  4509 | D:6      | Reached XP level 8. HP: 44/71 MP: 7/7
  4514 | D:6      | Reached skill level 9 in Axes
  5190 | D:7      | Reached skill level 1 in Shields
  5244 | D:7      | Reached skill level 10 in Axes
  5265 | D:7      | Found a basalt altar of Yredelemnul.
  5274 | D:7      | Found a burning altar of Makhleb.
  5456 | D:7      | Reached *** piety under Trog
  5551 | D:7      | Reached XP level 9. HP: 70/80 MP: 8/8
  5585 | D:7      | Identified the +1 war axe "Giant's Nightmare" {drain, Fly
                  | Str+3 Int+3 Dex-4}
  5623 | D:7      | Found a sand-covered staircase.
  5633 | Ossuary  | Entered an ossuary
  6104 | D:7      | Identified the ring "Othas" {Will+ Slay+2}
  6435 | D:8      | Reached skill level 11 in Axes
  6499 | D:8      | Reached skill level 5 in Shields
  6505 | D:8      | Reached skill level 12 in Axes
  6505 | D:8      | Reached XP level 10. HP: 75/91 MP: 9/9
  6507 | D:8      | Found a staircase to the Lair.
  6514 | D:8      | Reached **** piety under Trog
  6791 | D:8      | Identified the +5 ring mail of Snakes and Ladders {rPois
                  | rC- rN+}
  7599 | D:9      | Noticed Maggie
  7607 | D:9      | Reached skill level 13 in Axes
  7618 | D:9      | Killed Maggie
  7822 | D:9      | Noticed Erolcha
  7829 | D:9      | Reached skill level 10 in Fighting
  7829 | D:9      | Killed Erolcha
  7927 | D:9      | Reached XP level 11. HP: 100/100 MP: 10/10
  8014 | D:9      | Reached skill level 10 in Armour
  8017 | D:9      | Reached skill level 14 in Axes
  8245 | D:9      | Noticed a boulder beetle
  8254 | D:9      | Killed a boulder beetle
  8302 | D:10     | Entered Level 10 of the Dungeon
  8302 | D:10     | Found a staircase to the Orcish Mines.
  8318 | D:10     | Noticed a two-headed ogre
  8326 | D:10     | Killed a two-headed ogre
  8945 | D:10     | Noticed a two-headed ogre
  8951 | D:10     | Killed a two-headed ogre
  9019 | D:10     | Found a glowing silver altar of Zin.
  9987 | D:11     | Found Leclofra's Antique Weapon Shop.
  9987 | D:11     | Found Igairent's Weapon Shop.
  9997 | D:11     | Found Zesiett's Assorted Antiques.
  9998 | D:11     | Found Sidaetep's Distillery.
 10036 | D:11     | Reached skill level 15 in Axes
 10162 | D:11     | Noticed a boulder beetle
 10174 | D:11     | Reached XP level 12. HP: 110/110 MP: 11/11
 10189 | D:11     | Killed a boulder beetle
 10915 | D:12     | Reached skill level 16 in Axes
 10976 | D:12     | Reached skill level 17 in Axes
 10976 | D:12     | Reached skill level 10 in Shields
 10976 | D:12     | Reached XP level 13. HP: 119/119 MP: 12/12
 10977 | D:12     | Reached XP level 14. HP: 129/129 MP: 13/13
 11056 | D:12     | You are sucked into a shaft and drop 2 floors!
 11056 | D:14     | Found a burning altar of Makhleb.
 12065 | D:12     | Identified the +5 ring mail of the Shining Light {Rampage
                  | rF+}
 12399 | D:4      | Bought a potion of haste for 120 gold pieces
 12399 | D:4      | Bought a potion of heal wounds for 60 gold pieces
 12680 | D:11     | Bought a potion of haste for 180 gold pieces
 12680 | D:11     | Bought 2 potions of ambrosia for 288 gold pieces
 12680 | D:11     | Bought a potion of heal wounds for 90 gold pieces
 12680 | D:11     | Bought a potion of resistance for 180 gold pieces
 12830 | Lair:1   | Entered Level 1 of the Lair of Beasts
 12846 | Lair:1   | Reached skill level 18 in Axes
 13003 | Lair:1   | Identified a scroll of acquirement
 13004 | Lair:1   | Acquired an amulet of reflection
 13429 | Lair:1   | You fall into a shaft and drop 1 floor!
 13477 | Lair:2   | Found a staircase to the Swamp.
 13803 | Lair:2   | Found a shimmering blue altar of Sif Muna.
 13898 | Lair:2   | Reached ***** piety under Trog
 13940 | Lair:2   | Found a staircase to the Snake Pit.
 14662 | D:11     | Bought a scroll of fear for 148 gold pieces
 14662 | D:11     | Bought a scroll of teleportation for 111 gold pieces
 15127 | Lair:3   | Received a gift from Trog
 15392 | Lair:4   | Reached XP level 15. HP: 139/139 MP: 14/14
 15788 | Lair:4   | Found a staircase to the Slime Pits.
 16374 | Lair:5   | Entered Level 5 of the Lair of Beasts
 16457 | Lair:5   | Reached skill level 19 in Axes
 16685 | Lair:5   | Reached skill level 15 in Fighting
 16869 | Lair:5   | Identified the +3 leather armour "Huakheaf" {rElec rF-
                  | Stlth+}
 16888 | Lair:5   | Found a broken altar of Ashenzari.
 17196 | Lair:5   | Reached skill level 15 in Armour
 17232 | Lair:5   | Found a burning altar of Makhleb.
 17319 | Lair:5   | Found a gateway to Hell.
 18111 | Temple   | Entered the Ecumenical Temple
 19159 | Orc:1    | Entered Level 1 of the Orcish Mines
 19159 | Orc:1    | Noticed Josephine
 19228 | D:10     | Killed Josephine
 19440 | Orc:1    | Received a gift from Trog
 19714 | Orc:2    | Entered Level 2 of the Orcish Mines
 19730 | Orc:2    | Found Qitig's Gadget Gallery.
 19930 | Orc:2    | Found a staircase to the Elven Halls.
 20134 | Orc:2    | Received a gift from Trog
 20149 | Orc:2    | Found Ezau's Jewellery Emporium.
 20149 | Orc:2    | Found Woint's General Store.
 20150 | Orc:2    | Found Rarphanith's Weapon Boutique.
 20150 | Orc:2    | Found Haipen's Armour Boutique.
 20213 | Orc:2    | Bought a +0 cloak for 72 gold pieces
 20499 | D:11     | Bought a steel ring for 185 gold pieces
 20695 | D:13     | Found a gate to the Vaults.
 20728 | D:13     | Noticed Jorgrun
 20739 | D:13     | Killed Jorgrun
 20740 | D:13     | Reached XP level 16. HP: 151/151 MP: 15/15
 20936 | D:13     | Reached skill level 20 in Axes
 22067 | D:15     | Entered Level 15 of the Dungeon
 22079 | D:15     | Reached skill level 15 in Shields
 22095 | D:15     | Noticed Agnes
 22104 | D:15     | Killed Agnes
 22231 | D:15     | Found a staircase to the Depths.
 22284 | D:15     | Found a runed translucent gate.
 22286 | D:15     | Found a runed translucent gate.
 22286 | D:15     | Found a runed translucent gate.
 22749 | D:15     | Found a shimmering altar of Xom.
 22802 | D:15     | Found a sparkling altar of Nemelex Xobeh.
 22986 | D:15     | a five-headed hydra changed into a storm dragon
 22986 | D:15     | Noticed a storm dragon (glowing shapeshifter)
 22988 | D:15     | a storm dragon changed into a minotaur
 23094 | D:15     | Found a runed translucent gate.
 23094 | D:15     | Found a runed translucent gate.
 23099 | D:15     | Noticed Ganul's ghost (journeyman DsGl)
 23105 | D:15     | Found a runed translucent gate.
 23115 | D:15     | Gained mutation: You are occasionally teleported next to
                  | monsters. [a cacodemon]
 23127 | D:15     | Killed Ganul's ghost
 23233 | D:15     | Identified the +2 robe of the Buccaneer {rPois rN+ Str+3}
 23238 | D:15     | Gained mutation: You are vulnerable to cold. (rC-)
                  | [mutagenic glow]
 23246 | D:15     | Gained mutation: You are clumsy. (Dex -2) [mutagenic glow]
 23263 | D:15     | Gained mutation: You are weak. (Str -2) [mutagenic glow]
 23282 | D:15     | Gained mutation: You are often teleported next to monsters.
                  | [mutagenic glow]
 23299 | D:15     | Gained mutation: Your body sometimes deteriorates upon
                  | taking damage. [mutagenic glow]
 23327 | D:15     | Gained mutation: Your spells are a little easier to cast,
                  | but a little less powerful. [mutagenic glow]
 23488 | D:15     | Lost mutation: You are vulnerable to cold. (rC-) [potion of
                  | mutation]
 23488 | D:15     | Lost mutation: You are often teleported next to monsters.
                  | [potion of mutation]
 23488 | D:15     | Gained mutation: You are partially covered in large bone
                  | plates. (SH +4) [potion of mutation]
 23488 | D:15     | Gained mutation: You possess an exceptional clarity of
                  | mind. [potion of mutation]
 23488 | D:15     | Lost mutation: Your body sometimes deteriorates upon taking
                  | damage. [potion of mutation]
 23488 | D:15     | Gained mutation: Your system is resistant to poisons.
                  | (rPois) [potion of mutation]
 23489 | D:15     | Lost mutation: Your system is resistant to poisons. (rPois)
                  | [potion of mutation]
 23489 | D:15     | Lost mutation: You are partially covered in large bone
                  | plates. (SH +4) [potion of mutation]
 23489 | D:15     | Lost mutation: You are clumsy. (Dex -2) [potion of
                  | mutation]
 23489 | D:15     | Gained mutation: Your movements are slightly less
                  | encumbered by armour. (ER -2) [potion of mutation]
 23489 | D:15     | Gained mutation: Your spells are easier to cast, but less
                  | powerful. [potion of mutation]
 23489 | D:15     | Gained mutation: You have hidden genetic potential. [potion
                  | of mutation]
 23490 | D:15     | Lost mutation: You have hidden genetic potential. [potion
                  | of mutation]
 23490 | D:15     | Lost mutation: You possess an exceptional clarity of mind.
                  | [potion of mutation]
 23490 | D:15     | Gained mutation: You occasionally lose the ability to drink
                  | potions when taking damage. [potion of mutation]
 23490 | D:15     | Gained mutation: You passively map a small area around you.
                  | [potion of mutation]
 23491 | D:15     | Lost mutation: You passively map a small area around you.
                  | [potion of mutation]
 23491 | D:15     | Lost mutation: Your movements are slightly less encumbered
                  | by armour. (ER -2) [potion of mutation]
 23491 | D:15     | Lost mutation: You are weak. (Str -2) [potion of mutation]
 23491 | D:15     | Gained mutation: You are somewhat resistant to further
                  | mutation. [potion of mutation]
 23492 | D:15     | Lost mutation: You occasionally lose the ability to drink
                  | potions when taking damage. [potion of mutation]
 23492 | D:15     | Lost mutation: You are somewhat resistant to further
                  | mutation. [potion of mutation]
 23492 | D:15     | Gained mutation: Your magical capacity is low. (-10% MP)
                  | [potion of mutation]
 23492 | D:15     | Gained mutation: Your flesh is cold resistant. (rC+)
                  | [potion of mutation]
 23493 | D:15     | Lost mutation: Your flesh is cold resistant. (rC+) [potion
                  | of mutation]
 23493 | D:15     | Lost mutation: Your spells are easier to cast, but less
                  | powerful. [potion of mutation]
 23493 | D:15     | Lost mutation: Your magical capacity is low. (-10% MP)
                  | [potion of mutation]
 23493 | D:15     | Lost mutation: Your spells are a little easier to cast, but
                  | a little less powerful. [potion of mutation]
 23493 | D:15     | Gained mutation: Your mind is acute. (Int +4, Str/Dex -1)
                  | [potion of mutation]
 23494 | D:15     | Lost mutation: You are occasionally teleported next to
                  | monsters. [potion of mutation]
 23494 | D:15     | Lost mutation: Your mind is acute. (Int +4, Str/Dex -1)
                  | [potion of mutation]
 23494 | D:15     | Gained mutation: Your magical capacity is low. (-10% MP)
                  | [potion of mutation]
 23494 | D:15     | Gained mutation: You are partially covered in iridescent
                  | scales. (AC +2) [potion of mutation]
 23494 | D:15     | Gained mutation: You have a somewhat thin skeletal
                  | structure. (Dex +2, Stealth+) [potion of mutation]
 24008 | Snake:1  | Entered Level 1 of the Snake Pit
 24055 | Snake:1  | Noticed Aizul
 24080 | Snake:1  | Killed Aizul
 24786 | Snake:1  | Noticed Azrael
 24796 | Snake:1  | Killed Azrael
 24982 | Snake:1  | Found Demown's Book Emporium.
 24982 | Snake:1  | Found Kobbaz's Jewellery Shop.
 24983 | Snake:1  | Found Woocwap's Book Emporium.
 25051 | Snake:1  | Identified the amulet "Put-Me-On" {RegenMP rPois rC+ Str-4
                  | Stlth+}
 25416 | Snake:1  | Noticed Rupert
 25428 | Snake:1  | Killed Rupert
 25478 | Snake:2  | Reached skill level 21 in Axes
 25487 | Snake:2  | Reached XP level 17. HP: 142/162 MP: 3/14
 25519 | Snake:2  | HP: 3/162 [black mamba[a naga ritualist] (11)]
 25520 | Snake:2  | Succumbed to a black mamba's poison

Illustrated notes

Levels and vault maps discovered:
D:1:      tarquinn_simple_flora_water_b, layout_basic
D:2:      layout_basic, basic_altar, pf_guarded_unrand_woodcutter, uniq_jessica
D:3:      layout_basic, grunt_temple_overflow_opulence, uniq_terence
D:4:      layout_basic, serial_shops, shop, nicolae_eternal_life,
          guppyfry_early_lair_pool
D:5:      layout_basic, uniq_menkaure
D:6:      layout_loops_ring, minmay_temple_entry_purple_smoke,
          serial_park_tiny_2
D:7:      layout_basic, nicolae_overflow_hidden_temple, serial_rivers,
          chequers_serial_rivers_room_a, chequers_serial_rivers_micro_e,
          chequers_serial_rivers_micro_b, chequers_serial_rivers_micro_d,
          chequers_serial_rivers_small_b, nicolae_ossuary_entry_giza
D:8:      layout_loops_ring, minmay_lair_entry_grove, minmay_nine_imps
D:9:      layout_rooms, small_chamber_with_monster, uniq_maggie, uniq_erolcha
D:10:     cheibrodos_steamvent, layout_grid_maze, kennysheep_mini_moat,
          palyth_stone_intersect
D:11:     minmay_polygon_palace, layout_cave_pods, minmay_shop_grid_forest
D:12:     layout_roguey
D:13:     layout_loops_corners, erik_vaults_1, uniq_jorgrun
D:14:     layout_roguey, gauntlet_entry_generic, serial_bayou_pond_d,
          makhleb_altar_promises_db
D:15:     hangedman_depths_entry_civil_slaughter, layout_basic,
          nemelex_lonely_heart_becter,
          ploomutoo_gammafunk_ghost_potion_laboratory, xom_teletrap_fun,
          uniq_agnes
Temple:   regret_index_temple_generic_petals
Lair:1:   layout_cellular_growth, special_room [special_room_bee]
Lair:2:   layout_chaotic_city, skrybe_swamp_entry_bodies,
          nicolae_snake_entry_warm_welcome, basic_altar, lemuel_fruit_tree,
          grunt_megastairs_3, serial_bayou_shore_b, infiniplex_staircase_pool_2
Lair:3:   layout_hall_layers, columned_hall_lemuel, serial_bayou_shore_b
Lair:4:   layout_small_grid, minmay_slime_entry_oklob_enclosed,
          grunt_megastairs_1
Lair:5:   evil_forest, layout_big_grid, basic_altar, eino_house_with_fridge,
          grunt_megastairs_5
Snake:1:  layout_onion_interference, nrook_loot_triangle, minmay_shop_grove,
          uniq_aizul, uniq_rupert, uniq_azrael
Snake:2:  layout_onion_interference, nicolae_snake_snakes_in_the_grass,
          uniq_asterion
Orc:1:    layout_caves, uniq_josephine
Orc:2:    st_orc_elflike, layout_caves, basic_altar, nicolae_shop_gadgets

Skill      XL: |  1  2  3  4  5  6  7  8  9 10 11 12 13 14 15 16 |
---------------+-------------------------------------------------+-----
Axes           | 4 5 6 7 8 10 12 13 15 17 18 19 21 | 21.1
Fighting       | 4 5 6 7 9 10 11 12 13 14 16 17 | 17.6
Armour         | 3 4 5 6 7 8 9 11 12 14 15 17 | 17.4
Shields        | 3 5 7 9 10 11 12 14 16 | 16.3
Dodging        | |  2.1

Action                     |  1- 3 |  4- 6 |  7- 9 | 10-12 | 13-15 | 16-18 || total
---------------------------+-------+-------+-------+-------+-------+-------++-------
  Melee: Hand axe          |    68 |    24 |       |       |       |       ||    92
         Headbutt          |    10 |    17 |    33 |    61 |   174 |    79 ||   374
         Punch             |       |     2 |       |       |       |       ||     2
         Battleaxe         |       |    52 |    70 |       |       |       ||   122
         Broad axe         |       |       |    57 |       |   655 |   329 ||  1041
         War axe           |       |       |   101 |   334 |    76 |       ||   511
         Morningstar       |       |       |       |       |    16 |       ||    16
  Throw: Dart              |       |     1 |     5 |     3 |    12 |     3 ||    24
 Invoke: Trog's Hand       |       |     7 |     4 |    10 |    23 |    10 ||    54
         Berserk           |       |     6 |     4 |     8 |    16 |    10 ||    44
    Use: Scroll            |       |     5 |     9 |     9 |    13 |     3 ||    39
         Potion            |       |       |     1 |     2 |     1 |    15 ||    19
 Armour: Chain mail        |    34 |    41 |   104 |    10 |       |       ||   189
         Animal skin       |     2 |       |       |       |       |       ||     2
         Ring mail         |       |       |       |    92 |   235 |    77 ||   404
         Plate armour      |       |       |       |    59 |    24 |   112 ||   195
  Dodge: Dodged            |    38 |    30 |    80 |   104 |   196 |   102 ||   550
  Block: Kite shield       |       |       |    78 |   207 |   588 |   189 ||  1062
         Reflection        |       |       |       |       |    20 |    59 ||    79
         Tower shield      |       |       |       |       |       |   273 ||   273

Table legend: (Time is in decaauts)
 A = Elapsed time spent in this place.
 B = Non-inter-level travel time spent in this place.
 C = Inter-level travel time spent in this place.
 D = Time resting spent in this place.
 E = Time spent auto-exploring this place.
 F = Levels seen in this place.
 G = Mean time per level.
                   A        B        C        D        E       F      G
               +--------+--------+--------+--------+--------+-----+--------+
         Total |  25844 |  21561 |   4283 |    861 |  16914 |  26 |  994.0 |
       Dungeon |  17919 |  14325 |   3594 |    653 |  11433 |  15 | 1194.6 |
        Temple |    209 |    185 |     24 |      0 |    179 |   1 |  209.0 |
          Lair |   4649 |   4159 |    490 |     66 |   3300 |   5 |  929.8 |
     Snake Pit |   1594 |   1559 |     35 |    114 |   1155 |   2 |  797.0 |
  Orcish Mines |   1200 |   1061 |    139 |     17 |    759 |   2 |  600.0 |
       Ossuary |    270 |    270 |      0 |     10 |     88 |   1 |  270.0 |
               +--------+--------+--------+--------+--------+-----+--------+

Top non-repeatable levels by time:
    D:10: 2093 daAuts
    D:11: 1764 daAuts
 Snake:1: 1539 daAuts
    D:15: 1430 daAuts
     D:8: 1358 daAuts
     D:9: 1297 daAuts
     D:5: 1295 daAuts
     D:7: 1291 daAuts
  Lair:5: 1173 daAuts
     D:4: 1139 daAuts
  Lair:4: 1079 daAuts
    D:13: 1077 daAuts
  Lair:2: 1052 daAuts
     D:2: 914 daAuts
     D:3: 912 daAuts
